 Dungeon Crawl Stone Soup version 0.28-a0-664-gc179e30c89 (webtiles) character file.

Game seed: 14463131365981762747

42 acebull12 the Magician (level 3, -2/25 HPs)
             Began as a Djinni Fire Elementalist on Oct 17, 2021.
             Slain by a goblin (4 damage)
             ... led by Robin
             ... on level 1 of the Dungeon.
             The game lasted 00:03:27 (2254 turns).

acebull12 the Magician (Djinni Fire Elementalist)   Turns: 2254, Time: 00:03:28

Health: -2/25      AC:  2    Str:  7    XL:     3   Next: 80%
Gold:   40         EV: 12    Int: 17    God:
                   SH:  0    Dex: 13

rFire   + + .      SeeInvis .   g - +0 whip (elec)
rCold   x . .      Faith    .   (no shield)
rNeg    . . .      Spirit   .   a - +0 robe
rPois   ∞          Reflect  .   (helmet currently unavailable)
rElec   .          Harm     .   (no cloak)
rCorr   .          Rampage  .   (no gloves)
Will    .....                   (boots unavailable)
Stlth   ++........              (no amulet)
HPRegen 0.08/turn               (no ring)
MPRegen 0.00/turn               (no ring)

@: about to teleport, appendages, flying
A: horns 2, flying, sickness immunity, fire resistance 2, cold vulnerability 1,
float, innate caster, hp casting, extra vitality 1
a: End Transformation


You were on level 1 of the Dungeon.
You had temporarily grown beastly horns.
You visited 1 branch of the dungeon, and saw 2 of its levels.

You collected 40 gold pieces.

Inventory:

Hand Weapons
 g - a +0 whip of electrocution (weapon)
Armour
 a - a +0 robe (worn)
Scrolls
 d - a scroll of identify
Potions
 b - a potion of berserk rage {unknown}
 c - a potion of brilliance {unknown}
 e - a potion of haste {unknown}
 h - a potion of attraction {unknown}


   Skills:
 * Level 0.1 Fighting
 + Level 2.4 Dodging
 - Level 1.8 Stealth
 + Level 3.3 Spellcasting


You couldn't memorise any spells.
You knew the following spells:

 Your Spells              Type           Power      Damage    Failure   Level
a - Foxfire               Conj/Fire      56%        2x1d6     4%          1
b - Scorch                Fire           28%        2d6       7%          2
c - Conjure Flame         Conj/Fire      14%        6-21      13%         3
d - Inner Flame           Hex/Fire       14%        N/A       13%         3
e - Flame Wave            Conj/Fire      14%        3d5       41%         4
f - Beastly Appendage     Tmut           28%        N/A       4%          1
Your spell library was empty.

Dungeon Overview and Level Annotations

Branches:
Dungeon (2/15)

Altars:

Annotations:
D:2 Robin


Innate Abilities, Weirdness & Mutations

You have temporarily grown beastly horns.
You are flying.
You are immune to sickness and miasma.
You are immune to poison.
Your flesh is very heat resistant. (rF++)
You are vulnerable to cold. (rC-)
You float through the air rather than walking.
You learn spells naturally, not from books.
Your magical power is your life essence.
You have superior vitality. (+4 HP)


Message History

The ball python hisses angrily.
The goblin hits you with a +0 dagger. x2
Robin shouts!
The hobgoblin shouts!
There is a stone staircase leading up here.
There are no items here.
The goblin shouts!
The bat misses you.
Robin roars a battlecry!
The goblins go into a battle-frenzy!
The goblin hits you with a +0 dagger. The goblin closely misses you.
The goblin hits you but does no damage. The goblin hits you with a +0 dagger.
You hear a shout!
You fly upwards.
There is a stone staircase leading down here.
Casting: Foxfire (safe; 4% risk of failure)
Confirm with . or Enter, or press ? or * to list all spells.
You don't know that spell.
Casting: Foxfire (safe; 4% risk of failure)
Confirm with . or Enter, or press ? or * to list all spells.
You don't know that spell.
Casting: Foxfire (safe; 4% risk of failure)
Confirm with . or Enter, or press ? or * to list all spells.
You aren't experienced enough to cast this spell.
As you read the scroll labelled GAISTE YNOIDUS, it crumbles to dust.
It is a scroll of identify.
f - a scroll of teleportation The goblin hits you with a +0 dagger.
The goblin closely misses you. x2
As you read the scroll of teleportation, it crumbles to dust.
You feel strangely unstable. The goblin barely misses you. x2
The goblin hits you but does no damage.
Casting: Foxfire (safe; 4% risk of failure)
Confirm with . or Enter, or press ? or * to list all spells.
You grow a pair of large bovine horns.
* * * LOW HITPOINT WARNING * * *
The goblin misses you. The goblin barely misses you.
The goblin closely misses you.
You barely miss the goblin. The goblin hits you with a +0 dagger.
* * * LOW HITPOINT WARNING * * *
The goblin hits you with a +0 dagger.
You die...

.....# #.# #.......# .#####
#.# #.......## .# #.#
#...#..... .# #.#
####......... .## #.#
#........#..> #.## #.#
#.##......... ##.# #.#
#.###........ #.#
#######g####.###.......# ##.#
#..(.gg@g............... #.##
#.#######.##.###.......# .##
#.# #.##.###.......# ## #.#
#.##............ ####### #.#
#.######.####..# ......####.#
#........# #..# ...........#
#........# #...
#####......#######........#
#.##
#.........).>.)........####.##


You could see 4 goblins.

Vanquished Creatures
  A dart slug (D:1)
  3 bats (D:1)
  An endoplasm (D:1)
  2 giant cockroaches (D:1)
  6 goblins (D:1)
  A hobgoblin (D:1)
  7 jackals (D:1)
  3 quokkas (D:1)
  3 ball pythons (D:1)
  2 frilled lizards (D:1)
  5 kobolds (D:1)
34 creatures vanquished.

Vanquished Creatures (collateral kills)
  4 foxfires (D:1)
4 creatures vanquished.

Vanquished Creatures (others)
  181 foxfires (D:1)
181 creatures vanquished.

Grand Total: 219 creatures vanquished

Notes
Turn   | Place    | Note
-------+----------+-------------------------------------------
     0 | D:1      | acebull12 the Djinni Fire Elementalist began the quest for
                  | the Orb.
     0 | D:1      | Reached XP level 1. HP: 15/15 MP: 0/0
   301 | D:1      | Found a faded altar of an unknown god.
   449 | D:1      | Reached XP level 2. HP: 17/21 MP: 0/0
  1072 | D:1      | Reached skill level 3 in Spellcasting
  1073 | D:1      | Reached XP level 3. HP: 20/25 MP: 0/0
  1073 | D:1      | Learned a level 1 spell: Beastly Appendage
  2248 | D:2      | Noticed Robin
  2254 | D:1      | Slain by a goblin

Illustrated notes

Levels and vault maps discovered:
D:1:      minmay_arrival_stone_box, layout_loops_ring,
          shapermc_ecumenical_altar_acropolis
D:2:      layout_basic, minmay_tall_x, uniq_natasha, uniq_terence, uniq_jessica,
          uniq_robin

Skill      XL: |  1  2 |
---------------+-------+-----
Spellcasting   | 3 |  3.3
Fighting       | |  0.1
Dodging        | |  2.4
Stealth        | |  1.8

Action                   || total
-------------------------++-------
Melee: Unarmed           ||     3
       Whip              ||     1
 Cast: Foxfire           ||   121
       Beastly Appendage ||     1
  Use: Scroll            ||     2
Armor: Robe              ||     3
Dodge: Dodged            ||    12

Table legend: (Time is in decaauts)
 A = Elapsed time spent in this place.
 B = Non-inter-level travel time spent in this place.
 C = Inter-level travel time spent in this place.
 D = Time resting spent in this place.
 E = Time spent auto-exploring this place.
 F = Levels seen in this place.
 G = Mean time per level.
                   A        B        C        D        E       F      G
               +--------+--------+--------+--------+--------+-----+--------+
         Total |   2254 |   2219 |     35 |    147 |   1831 |   2 | 1127.0 |
       Dungeon |   2254 |   2219 |     35 |    147 |   1831 |   2 | 1127.0 |
               +--------+--------+--------+--------+--------+-----+--------+

Top non-repeatable levels by time:
     D:1: 2250 daAuts
     D:2: 4 daAuts
